[ AOE2 MATCH · #506541595 ]
UnrankedTatars vs Wei
Player's team · WIN
Rival team · LOSS
[ REPLAY ANALYSIS · EXTRACTED FROM THE RECORDED GAME ]
Feudal
12:44
Castle
—
Imperial
—
| APM avg | 35.2 |
| APM peak | 50 |
| eAPM avg | 21.3 |
| Villagers / military | 42 / 2 |
Focus
⚔️ 30.4% · 🌾 69.6%
Fishing Ship ×11 · Transport Ship ×2
Feudal
—
Castle
—
Imperial
—
| APM avg | 0.9 |
| APM peak | 8 |
| eAPM avg | 0.9 |
| Villagers / military | 5 / 0 |
Focus
⚔️ 0.0% · 🌾 100.0%
Match map
Initial resources + every placement click. Lines = walls · curves = elevation contours. ◆ gold · ⬟ stone · ● berries · ✦ relic · ◌ wall gap
Your base· ✓ Map-separated
repard's base· ✓ Map-separated
Smoothed initial terrain · ◌ = detected wall gap · hover for details
Inputs per minute
— noah23 - - repard
Build order — noah23
73 actions detected in the replay
| 0:00 | Create | Villager (Male) |
| 0:00 | Create | Villager (Male) |
| 0:00 | Create | Villager (Male) |
| 0:01 | Create | Villager (Male) |
| 0:02 | Build | House |
| 0:02 | Build | House |
| 1:16 | Create | Villager (Male) |
| 1:16 | Create | Villager (Male) |
| 1:19 | Build | Lumber Camp |
| 1:50 | Create | Villager (Male) |
| 2:29 | Create | Villager (Male) |
| 2:29 | Create | Villager (Male) |
| 2:30 | Create | Villager (Male) |
| 2:48 | Build | House |
| 3:20 | Create | Villager (Male) |
| 3:29 | Create | Villager (Male) |
| 3:29 | Create | Villager (Male) |
| 3:58 | Build | Dock |
| 3:59 | Create | Villager (Male) |
| 4:28 | Create | Villager (Male) |
| 4:28 | Create | Villager (Male) |
| 4:35 | Create | Fishing Ship |
| 4:59 | Create | Villager (Male) |
| 5:00 | Create | Villager (Male) |
| 5:06 | Build | House |
| 5:20 | Create | Villager (Male) |
| 5:20 | Create | Villager (Male) |
| 5:34 | Create | Transport Ship |
| 5:35 | Create | Villager (Male) |
| 5:36 | Create | Villager (Male) |
| 5:59 | Create | Villager (Male) |
| 6:10 | Create | Fishing Ship |
| 6:23 | Create | Villager (Male) |
| 6:35 | Create | Fishing Ship |
| 6:58 | Create | Villager (Male) |
| 6:58 | Create | Villager (Male) |
| 7:01 | Create | Fishing Ship |
| 7:03 | Build | House |
| 7:04 | Create | Villager (Male) |
| 7:06 | Create | Villager (Male) |
| 7:14 | Research | Loom |
| 7:14 | Create | Villager (Male) |
| 7:18 | Create | Villager (Male) |
| 7:19 | Create | Villager (Male) |
| 7:26 | Create | Villager (Male) |
| 7:44 | Create | Fishing Ship |
| 7:56 | Build | Dock |
| 8:08 | Create | Villager (Male) |
| 8:13 | Build | House |
| 8:14 | Build | House |
| 8:28 | Create | Villager (Male) |
| 8:49 | Build | Lumber Camp |
| 9:06 | Create | Villager (Male) |
| 9:09 | Create | Fishing Ship |
| 9:13 | Create | Villager (Male) |
| 9:15 | Create | Villager (Male) |
| 9:48 | Create | Villager (Male) |
| 10:03 | Create | Villager (Male) |
| 10:13 | Create | Transport Ship |
| 10:19 | Create | Villager (Male) |
| 10:22 | Create | Fishing Ship |
| 10:22 | Create | Fishing Ship |
| 10:32 | Research | Feudal Age |
| 10:32 | Research | Feudal Age |
| 10:59 | Create | Villager (Male) |
| 11:21 | Build | Mining Camp |
| 11:38 | Create | Fishing Ship |
| 11:38 | Create | Fishing Ship |
| 12:10 | Create | Villager (Male) |
| 12:44 | Age | Feudal Age |
| 12:53 | Build | Lumber Camp |
| 12:57 | Build | Outpost |
| 13:04 | Create | Fishing Ship |
Build order — repard
5 actions detected in the replay
| 11:43 | Create | Villager (Male) |
| 11:44 | Create | Villager (Male) |
| 11:44 | Create | Villager (Male) |
| 11:44 | Create | Villager (Male) |
| 11:44 | Create | Villager (Male) |
Match timeline
| 3:58 | noah23 · first_building Dock |
| 12:44 | noah23 · age_up feudal |
| 13:13 | repard · resign |
[ AI ANALYSIS · 1 CREDIT ]
What really happened in this match?
Wolo.gg analyzes every decision: build order, eco, micro, common mistakes by bracket. Personalized analysis on WhatsApp or Discord in 30 seconds.
Civ guide
Tatars
Perfil
Jugador #5646670